 Dungeon Crawl Stone Soup version 0.16.0-16-g311141a (webtiles) character file.

106 Sorcv the Sneak (level 5, -1/28 HPs)
             Began as a Kobold Enchanter on Mar 19, 2015.
             Slain by a hippogriff (3 damage)
             ... on level 3 of the Dungeon.
             The game lasted 00:06:21 (1032 turns).

Sorcv the Sneak (Kobold Enchanter)                  Turns: 1032, Time: 00:06:21

Health: -1/28      AC:  3    Str:  6    XL:     5   Next: 10%
Magic:  2/9        EV: 15    Int: 17    God:
Gold:   92         SH:  0    Dex: 18    Spells: 2 memorised, 5 levels left

rFire  . . .     SeeInvis .     t - +1 short sword (venom)
rCold  . . .     Clarity  .     b - +1 robe
rNeg   . . .     SustAb   .     (no shield)
rPois  .         Gourm    .     (no helmet)
rElec  .         Spirit   .     (no cloak)
rCorr  .         Warding  .     (no gloves)
rMut   .         Stasis   .     (no boots)
MR     .....                    (no amulet)
Stlth  ++++......               (no ring)
                                h - +4 ring of intelligence

@: not resistant to hostile enchantments, stealthy
A: carnivore 3
a: no special abilities


You were on level 3 of the Dungeon.
You were full.

You visited 1 branch of the dungeon, and saw 3 of its levels.

You collected 92 gold pieces.

Inventory:

Hand weapons
 a - a +1 dagger
 s - a +4 dagger
 t - a +1 short sword of venom (weapon)
Armour
 b - a +1 robe (worn)
Jewellery
 h - a +4 ring of intelligence (left hand)
Magical devices
 v - a wand of flame (48)
Scrolls
 g - a scroll of recharging
 n - a scroll of blinking {unknown}
 r - a scroll of fog
 u - a scroll of magic mapping
Potions
 f - a potion of might {unknown}
 i - a potion of cancellation
 j - a potion of heal wounds {unknown}
 l - 2 potions of resistance {unknown}
 m - a potion of magic {unknown}
 o - a potion of invisibility {unknown}
 p - a potion of degeneration {unknown}
Books
 c - a book of Maledictions

   Spells                             Type                      Level
   a - Corona                         Hexes                        1
   b - Sure Blade                     Hexes/Charms                 2
   c - Ensorcelled Hibernation        Hexes/Ice                    2
   d - Confuse                        Hexes                        3
   e - Dazzling Spray                 Conjuration/Hexes            3
   f - Enslavement                    Hexes                        4
Comestibles
 d - a meat ration


   Skills:
 - Level 1.3 Short Blades
 - Level 2.4 Dodging
 + Level 7.6 Stealth
 - Level 2.0 Spellcasting
 - Level 3.0 Hexes


You had 5 spell levels left.
You knew the following spells:

 Your Spells              Type           Power        Failure   Level  Hunger
a - Corona                Hex            ##.....      6%          1    #......
b - Ensorcelled Hibernat  Hex/Ice        #.....       17%         2    ###....


Dungeon Overview and Level Annotations

Branches:
Dungeon (3/15)

Altars:
Nemelex Xobeh
Vehumet
Yredelemnul

Annotations:
D:3 Ijyb, Sigmund


Innate Abilities, Weirdness & Mutations

You are small and have problems with some larger weapons.
You are carnivorous and can eat meat at any time.


Message History

Ijyb hits you with an enchanted club.
* * * LOW HITPOINT WARNING * * *
Read which item? (? for menu, Esc to quit)
As you read the scroll of teleportation, it crumbles to dust.
You feel strangely unstable. Ijyb barely misses you.
Drink which item? (? for menu, Esc to quit)
It was a potion of cancellation.
You feel strangely stable.
Your magical contamination has completely faded away.
You feel magically purged.
Drink which item? (? for menu, Esc to quit)
Okay, then.
Read which item? (? for menu, Esc to quit)
As you read the scroll labeled SKUWECL QUTTE, it crumbles to dust.
It is a scroll of identify.
Identify which item? (\ to view known items) (? for menu, Esc to quit)
u - a scroll of magic mapping Ijyb barely misses you.
The hippogriff barely misses you. The hippogriff misses you.
The hippogriff claws you.
You die...

. #..##_. ###
#...#⌠. #.# ##..#8.
####.# ####_. >
+....######### ##.
.....####.........#
####
#...).#######.# #.#
.ggg..###H#
###'#####.# ### #@#
#......##.# #g#
#......##.# #.#
#....÷.##.# #..
#......##.# #..
#......##.# #...
#......##.# #...
#......##.# #...#
###'#####.# # #.#
#.# #.#


You could see a hippogriff and Ijyb.

Vanquished Creatures
  Robin (D:3)
  5 adders
  A worm (D:2)
  2 orcs (D:3)
  A giant cockroach (D:1)
  6 goblins
  7 hobgoblins
  2 jackals (D:3)
  5 kobolds
  A ball python (D:3)
  5 bats
  A giant gecko (D:1)
  3 giant newts (D:2)
  4 rats
44 creatures vanquished.

Notes
Turn   | Place    | Note
--------------------------------------------------------------
     0 | D:1      | Sorcv, the Kobold Enchanter, began the quest for the Orb.
     0 | D:1      | Reached XP level 1. HP: 10/10 MP: 3/3
   103 | D:1      | Reached XP level 2. HP: 6/15 MP: 4/4
   107 | D:1      | Learned a level 2 spell: Ensorcelled Hibernation
   182 | D:1      | Reached skill level 5 in Stealth
   381 | D:2      | Reached XP level 3. HP: 17/19 MP: 6/6
   412 | D:2      | Reached skill level 6 in Stealth
   576 | D:2      | Reached XP level 4. HP: 24/24 MP: 7/7
   646 | D:3      | Noticed Sigmund
   716 | D:3      | Found a sparkling altar of Nemelex Xobeh.
   716 | D:3      | Found a radiant altar of Vehumet.
   727 | D:3      | Found a basalt altar of Yredelemnul.
   864 | D:3      | Reached skill level 7 in Stealth
  1007 | D:3      | Noticed Ijyb
  1007 | D:3      | Noticed Robin
  1028 | D:3      | Killed Robin
  1028 | D:3      | Reached XP level 5. HP: 7/28 MP: 1/9
  1029 | D:3      | Noticed a hippogriff
  1029 | D:3      | HP: 1/28 [Ijyb/enchanted club (5)]
  1032 | D:3      | Slain by a hippogriff

Action                   |  1- 3 |  4- 6 || total
-------------------------+-------+-------++-------
Melee: Dagger            |    61 |     5 ||    66
       Short sword       |       |    48 ||    48
 Cast: Ensorcelled Hiber |       |     8 ||     8
  Use: Scroll            |       |     6 ||     6
       Potion            |       |     4 ||     4
 Stab: Sleeping          |     9 |     4 ||    13
  Eat: Chunk             |     3 |     3 ||     6
